CHICAGO Blackhawks vs TAMPA BAY Lightning

Created - 20 février 2024 at 18:11

Goals
1 2 3 T
CHICAGO Blackhawks 0 1 0 1
TAMPA BAY Lightning 3 1 2 6
Shots
1 2 3 T
CHICAGO Blackhawks 7 6 4 17
TAMPA BAY Lightning 12 8 10 30

1st period

1. TAMPA BAY Lightning , Scott Laughton 6 (Chad Ruhwedel 5, Erik Gudbranson 5) at 2:45
2. TAMPA BAY Lightning , Sammy Blais 2 (Ryan Reaves 1, Nicolas Deslauriers 2) at 10:48
3. TAMPA BAY Lightning , Eeli Tolvanen 5 (Anders Lee 4) at 15:58

Penalties :
Matt Roy (CHI) for Holding (Minor) at 11:53, Jake Walman (CHI) for Tripping (Minor) at 16:02, Timothy Liljegren (TBL) for Tripping (Minor) at 19:11

2nd period

4. CHICAGO Blackhawks , Patrick Kane 5 (Aaron Ekblad 7, Conor Sheary 6) at 0:31 (PP)
5. TAMPA BAY Lightning , Nicolas Deslauriers 1 (Erik Gudbranson 6, Chad Ruhwedel 6) at 18:16

Penalties :
Mason Marchment (TBL) for Tripping (Minor) at 7:32, Ryan Johansen (CHI) for Holding (Minor) at 12:56, Brock McGinn (TBL) for Tripping (Minor) at 18:59, Trent Frederic (CHI) for Interference (Minor) at 18:59

3rd period

6. TAMPA BAY Lightning , Mikael Backlund 5 (Eeli Tolvanen 3, Erik Gudbranson 7) at 0:18
7. TAMPA BAY Lightning , Dylan DeMelo 3 (Erik Gudbranson 8, Mikael Backlund 6) at 3:58 (PP)

Penalties :
Ryan Johansen (CHI) for Interference (Minor) at 2:30, Nick Ritchie (TBL) for Tripping (Minor) at 6:37, Tom Wilson (CHI) for Tripping (Minor) at 9:16

Goalie Stats

Frederik Andersen (CHI), 16 saves from 21 shots - (0,762), L, 4-7-1, 40:18 minutes
James Reimer (CHI), 8 saves from 9 shots - (0,889), 19:42 minutes
Calvin Petersen (TBL), 16 saves from 17 shots - (0,941), W, 1-0-0, 60:00 minutes

Players Stats for CHICAGO Blackhawks

Player Name              G  A  P  +/- PIM S  H  SB GA TA FO     MP     PP MP  PK MP  
------------------------------------------------------------------------------------
Aaron Ekblad             0  1  1  -4  0   0  0  2  0  0  0/0    23:25   3:10   4:36 
Brett Ritchie            0  0  0   0  0   0  0  0  0  0  0/0     0:00   0:00   0:00 
Conor Sheary             0  1  1  -4  0   3  1  0  0  0  0/2    22:42   3:58   5:33 
Eric Robinson            0  0  0   0  0   1  0  0  0  0  0/0    16:11   0:00   0:26 
Erik Johnson             0  0  0   0  0   1  1  4  0  0  0/0    21:51   2:08   4:48 
Jake Walman              0  0  0   0  2   0  0  1  0  0  0/0    19:56   2:08   3:46 
Jonathan Toews           0  0  0  -1  0   1  0  0  0  0  10/17  15:29   1:20   0:03 
Josh Manson              0  0  0  -1  0   1  2  1  0  0  0/0    16:38   0:00   1:54 
Marcus Foligno           0  0  0  -1  0   0  2  1  0  0  1/2    15:26   1:20   0:00 
Matt Roy                 0  0  0  -4  2   1  3  3  0  0  0/0    22:32   3:10   3:44 
Nicolas Hague            0  0  0  -1  0   1  3  0  0  0  0/0    15:36   0:00   0:00 
Patrick Kane             1  0  1  -4  0   3  0  0  0  0  7/18   24:58   3:58   5:33 
Ryan Johansen            0  0  0  -3  4   1  3  0  0  0  7/16   17:14   3:58   2:06 
Taylor Raddysh           0  0  0   0  0   2  0  0  0  0  0/0     2:16   0:00   0:00 
Teuvo Teravainen         0  0  0  -1  0   1  0  0  0  0  0/2    18:51   1:20   3:25 
Tom Wilson               0  0  0   0  2   0  1  0  0  0  0/2    15:44   0:00   0:00 
Trent Frederic           0  0  0   0  2   0  2  0  0  0  5/18   17:26   0:00   1:42 
Tyler Motte              0  0  0   0  0   1  0  0  0  0  0/0     2:16   0:00   0:00 

Players Stats for TAMPA BAY Lightning

Player Name              G  A  P  +/- PIM S  H  SB GA TA FO     MP     PP MP  PK MP  
------------------------------------------------------------------------------------
Anders Lee               0  1  1   1  0   1  1  0  0  0  0/1    18:14   4:48   0:00 
Brock McGinn             0  0  0   1  2   2  1  0  0  0  0/1    15:00   0:00   3:19 
Chad Ruhwedel            0  2  2   2  0   0  1  7  0  0  0/0    17:03   0:39   2:50 
Christian Fischer        0  0  0   0  0   1  0  1  0  0  0/1     8:46   0:00   0:49 
Dylan DeMelo             1  0  1   3  0   4  0  1  0  0  0/0    24:35   5:13   2:14 
Eeli Tolvanen            1  1  2   2  0   4  1  0  0  0  0/0    19:53   4:48   0:00 
Erik Gudbranson          0  4  4   3  0   2  1  1  0  0  0/0    21:58   5:13   2:52 
Josh Mahura              0  0  0   0  0   1  0  3  0  0  0/0    18:41   3:32   0:33 
Mason Marchment          0  0  0   1  2   1  0  0  0  0  0/1    16:27   4:36   0:00 
Mikael Backlund          1  1  2   2  0   4  2  1  0  0  24/32  24:01   4:48   4:08 
Nick Ritchie             0  0  0   0  2   0  0  0  0  0  1/2     7:56   0:00   0:00 
Nicolas Deslauriers      1  1  2   2  0   1  0  0  0  0  0/0    10:24   0:00   0:00 
Robert Hagg              0  0  0   0  0   0  2  0  0  0  0/0    14:36   0:00   0:00 
Ryan Reaves              0  1  1   2  0   0  0  0  0  0  0/0    10:24   0:00   0:00 
Sammy Blais              1  0  1   2  0   2  0  0  0  0  7/10   10:24   0:00   0:00 
Scott Laughton           1  0  1   1  0   5  2  0  0  0  6/15   17:28   4:36   1:10 
Timothy Liljegren        0  0  0   2  2   2  6  1  0  0  0/0    23:06   4:11   2:07 
Tyson Jost               0  0  0   0  0   0  0  0  0  0  9/14   13:43   4:36   1:10 

3 Stars

1 - Erik Gudbranson (TBL)
2 - Mikael Backlund (TBL)
3 - Eeli Tolvanen (TBL)

Power Play

CHICAGO Blackhawks - 1 on 3 Attempt(s) - 33,33%
TAMPA BAY Lightning - 1 on 5 Attempt(s) - 20,00%

Penalty Kill

CHICAGO Blackhawks - 4 on 5 Attempt(s) - 80,00% - Score 0 goal in Penalty Kill
TAMPA BAY Lightning - 2 on 3 Attempt(s) - 66,67% - Score 0 goal in Penalty Kill

Team Stat

CHICAGO Blackhawks - Hits : 18 - Faceoff Wins : 30 - Blocked Shots : 12 - Penalty Minutes : 12
TAMPA BAY Lightning - Hits : 17 - Faceoff Wins : 47 - Blocked Shots : 15 - Penalty Minutes : 8

Official

Referees : Brian Pochmara and François St-Laurent
Linesman : Mark Shewchyk and Jessica Chartrand

Game Notes

James Reimer enters game at 0:18 of 3rd period

Finance

Level 1 -- Attendance: 5323 (76,04%) -- Ticket Income $532,300
Level 2 -- Attendance: 4395 (78,48%) -- Ticket Income $263,700
Level 3 -- Attendance: 1831 (90,06%) -- Ticket Income $64,085
Level 4 -- Attendance: 4001 (100,00%) -- Ticket Income $80,020
Luxury Box -- Attendance: 760 (75,17%) -- Ticket Income $152,000
Game was played at the Amalie Arena.
Total Attendance: 16310 (83,02%)
Total Ticket Income: $1,092,105
Other Income: $273,026
Total Income: $1,365,131

CHICAGO Blackhawks

5 vs 5 Forward 
   Center                   Left Wing                Right Wing               Time % Phy DF OF 
 1 Ryan Johansen            Conor Sheary             Patrick Kane             40     1   2  2  
 2 Jonathan Toews           Teuvo Teravainen         Marcus Foligno           30     1   2  2  
 3 Trent Frederic           Eric Robinson            Tom Wilson               20     1   2  2  
 4 Patrick Kane             Tyler Motte              Taylor Raddysh           10     1   2  2  

5 vs 5 Defense 
   Defense                  Defense                                           Time % Phy DF OF 
 1 Aaron Ekblad             Matt Roy                                          40     1   2  2  
 2 Erik Johnson             Jake Walman                                       30     1   2  2  
 3 Nicolas Hague            Josh Manson                                       20     1   2  2  
 4 Aaron Ekblad             Matt Roy                                          10     1   2  2  

PowerPlay Forward 
   Center                   Left Wing                Right Wing               Time % Phy DF OF 
 1 Ryan Johansen            Conor Sheary             Patrick Kane             60     1   2  2  
 2 Jonathan Toews           Teuvo Teravainen         Marcus Foligno           40     1   2  2  

PowerPlay Defense
   Defense                  Defense                                           Time % Phy DF OF 
 1 Aaron Ekblad             Matt Roy                                          60     1   2  2  
 2 Erik Johnson             Jake Walman                                       40     1   2  2  

Penalty Kill 4 Players Forward 
   Center                   Wing                     Time % Phy DF OF 
 1 Patrick Kane             Conor Sheary             60     1   2  2  
 2 Teuvo Teravainen         Ryan Johansen            40     1   2  2  

Penalty Kill 4 Players Defense
   Defense                  Defense                  Time % Phy DF OF 
 1 Aaron Ekblad             Matt Roy                 60     1   2  2  
 2 Erik Johnson             Jake Walman              40     1   2  2  

Penalty Kill - 3 Players Forward 
   Forward                                           Time % Phy DF OF 
 1 Patrick Kane                                      60     1   2  2  
 2 Conor Sheary                                      40     1   2  2  

Penalty Kill - 3 Players Defense
   Defense                  Defense                  Time % Phy DF OF 
 1 Aaron Ekblad             Matt Roy                 60     1   2  2  
 2 Erik Johnson             Jake Walman              40     1   2  2  

4 vs 4 Forward 
   Center                   Wing                     Time % Phy DF OF 
 1 Patrick Kane             Conor Sheary             60     1   2  2  
 2 Teuvo Teravainen         Ryan Johansen            40     1   2  2  

4 vs 4 Defense
   Defense                  Defense                  Time % Phy DF OF 
 1 Aaron Ekblad             Matt Roy                 60     1   2  2  
 2 Erik Johnson             Jake Walman              40     1   2  2  

Last Minutes Offensive
   Center                   Left Wing                Right Wing               Defense                  Defense                  
   Ryan Johansen            Conor Sheary             Patrick Kane             Aaron Ekblad             Matt Roy                 

Last Minutes Defensive
   Center                   Left Wing                Right Wing               Defense                  Defense                  
   Ryan Johansen            Conor Sheary             Patrick Kane             Aaron Ekblad             Matt Roy                 

Goaltenders
Starting : Frederik Andersen        
Backup : James Reimer             

Extra Forwards
Normal : Brett Ritchie, Eric Robinson, Trent Frederic - PP : Brett Ritchie, Eric Robinson - PK : Trent Frederic
Extra Defensemen
Normal : Nicolas Hague, Josh Manson, Erik Johnson - PP : Nicolas Hague - PK : Josh Manson, Erik Johnson
Penalty Shots
Patrick Kane, Conor Sheary, Teuvo Teravainen, Ryan Johansen, Jonathan Toews

Scratches
Jakub Vrana (Healthy)

TAMPA BAY Lightning

5 vs 5 Forward 
   Center                   Left Wing                Right Wing               Time % Phy DF OF 
 1 Mikael Backlund          Anders Lee               Eeli Tolvanen            40     1   2  2  
 2 Scott Laughton           Mason Marchment          Brock McGinn             30     1   2  2  
 3 Tyson Jost               Nick Ritchie             Christian Fischer        20     1   2  2  
 4 Sammy Blais              Nicolas Deslauriers      Ryan Reaves              10     3   1  1  

5 vs 5 Defense 
   Defense                  Defense                                           Time % Phy DF OF 
 1 Dylan DeMelo             Timothy Liljegren                                 40     1   2  2  
 2 Erik Gudbranson          Chad Ruhwedel                                     30     1   2  2  
 3 Josh Mahura              Robert Hagg                                       20     1   2  2  
 4 Dylan DeMelo             Timothy Liljegren                                 10     1   2  2  

PowerPlay Forward 
   Center                   Left Wing                Right Wing               Time % Phy DF OF 
 1 Mikael Backlund          Anders Lee               Eeli Tolvanen            60     1   2  2  
 2 Tyson Jost               Scott Laughton           Mason Marchment          40     1   2  2  

PowerPlay Defense
   Defense                  Defense                                           Time % Phy DF OF 
 1 Dylan DeMelo             Erik Gudbranson                                   60     1   2  2  
 2 Timothy Liljegren        Josh Mahura                                       40     1   2  2  

Penalty Kill 4 Players Forward 
   Center                   Wing                     Time % Phy DF OF 
 1 Mikael Backlund          Brock McGinn             60     1   2  2  
 2 Scott Laughton           Tyson Jost               40     1   2  2  

Penalty Kill 4 Players Defense
   Defense                  Defense                  Time % Phy DF OF 
 1 Dylan DeMelo             Erik Gudbranson          60     1   2  2  
 2 Timothy Liljegren        Chad Ruhwedel            40     1   2  2  

Penalty Kill - 3 Players Forward 
   Forward                                           Time % Phy DF OF 
 1 Mikael Backlund                                   60     1   2  2  
 2 Scott Laughton                                    40     1   2  2  

Penalty Kill - 3 Players Defense
   Defense                  Defense                  Time % Phy DF OF 
 1 Dylan DeMelo             Erik Gudbranson          60     1   2  2  
 2 Timothy Liljegren        Chad Ruhwedel            40     1   2  2  

4 vs 4 Forward 
   Center                   Wing                     Time % Phy DF OF 
 1 Mikael Backlund          Eeli Tolvanen            60     1   2  2  
 2 Anders Lee               Mason Marchment          40     1   2  2  

4 vs 4 Defense
   Defense                  Defense                  Time % Phy DF OF 
 1 Dylan DeMelo             Erik Gudbranson          60     1   2  2  
 2 Timothy Liljegren        Chad Ruhwedel            40     1   2  2  

Last Minutes Offensive
   Center                   Left Wing                Right Wing               Defense                  Defense                  
   Mikael Backlund          Anders Lee               Eeli Tolvanen            Dylan DeMelo             Timothy Liljegren        

Last Minutes Defensive
   Center                   Left Wing                Right Wing               Defense                  Defense                  
   Mikael Backlund          Scott Laughton           Brock McGinn             Dylan DeMelo             Erik Gudbranson          

Goaltenders
Starting : Calvin Petersen          
Backup : Karel Vejmelka           

Extra Forwards
Normal : Christian Fischer, Brock McGinn, Nick Ritchie - PP : Christian Fischer, Brock McGinn - PK : Christian Fischer
Extra Defensemen
Normal : Chad Ruhwedel, Josh Mahura, Robert Hagg - PP : Chad Ruhwedel - PK : Chad Ruhwedel, Josh Mahura
Penalty Shots
Mikael Backlund, Anders Lee, Scott Laughton, Eeli Tolvanen, Mason Marchment

Scratches
Michael McCarron (Healthy), Philippe Myers (Healthy), Robin Lehner (Healthy)

% Time on Ice - CHICAGO Blackhawks

Lines # - Real PCT - Wanted PCT - Time Play
Normal Forward
1 - 26% - 40% - 11:12
2 - 33% - 30% - 14:06
3 - 36% - 20% - 15:45
4 - 5% - 10% - 2:16
Normal Defense
1 - 33% - 40% - 14:26
2 - 29% - 30% - 12:23
3 - 36% - 20% - 15:36
4 - 2% - 10% - 0:54
PP Forward
1 - 75% - 60% - 3:58
2 - 25% - 40% - 1:20
PP Defense
1 - 60% - 60% - 3:10
2 - 40% - 40% - 2:08
PK Forward
1 - 72% - 60% - 6:46
2 - 28% - 40% - 2:38
PK Defense
1 - 49% - 60% - 4:36
2 - 51% - 40% - 4:48
PK3 Forward
1 - 0% - 60%
2 - 0% - 40%
PK3 Defense
1 - 0% - 60%
2 - 0% - 40%
44 Forward
1 - 100% - 60% - 1:59
2 - 0% - 40% - 0:00
44 Defense
1 - 16% - 60% - 0:19
2 - 84% - 40% - 1:40
Last Minute Offensive  - 0:00
Last Minute Defensive  - 0:00
Total
Forward - 60:00
Defense - 60:00

% Time on Ice - TAMPA BAY Lightning

Lines # - Real PCT - Wanted PCT - Time Play
Normal Forward
1 - 31% - 40% - 13:16
2 - 27% - 30% - 11:42
3 - 18% - 20% - 7:57
4 - 24% - 10% - 10:24
Normal Defense
1 - 35% - 40% - 14:57
2 - 29% - 30% - 12:44
3 - 34% - 20% - 14:36
4 - 2% - 10% - 1:02
PP Forward
1 - 51% - 60% - 4:48
2 - 49% - 40% - 4:36
PP Defense
1 - 55% - 60% - 5:13
2 - 45% - 40% - 4:11
PK Forward
1 - 78% - 60% - 4:08
2 - 22% - 40% - 1:10
PK Defense
1 - 54% - 60% - 2:52
2 - 46% - 40% - 2:26
PK3 Forward
1 - 0% - 60%
2 - 0% - 40%
PK3 Defense
1 - 0% - 60%
2 - 0% - 40%
44 Forward
1 - 92% - 60% - 1:49
2 - 8% - 40% - 0:10
44 Defense
1 - 58% - 60% - 1:09
2 - 42% - 40% - 0:50
Last Minute Offensive  - 0:00
Last Minute Defensive  - 0:00
Total
Forward - 60:00
Defense - 60:00

Play-by-Play

1st period


0:01 of 1st period - Mikael Backlund wins face-off versus Ryan Johansen in neutral zone.
0:01 of 1st period - Mikael Backlund is hit by Ryan Johansen.
0:04 of 1st period - Eeli Tolvanen is hit by Ryan Johansen and loses puck.
0:13 of 1st period - Icing by Aaron Ekblad.
0:14 of 1st period - Scott Laughton wins face-off versus Ryan Johansen in CHICAGO Blackhawks zone.
0:14 of 1st period - Scott Laughton is hit by Matt Roy.
0:36 of 1st period - Shot by Conor Sheary.
0:36 of 1st period - Stopped by Calvin Petersen without a rebound.
0:37 of 1st period - Jonathan Toews wins face-off versus Nick Ritchie in TAMPA BAY Lightning zone.
0:40 of 1st period - Shot by Teuvo Teravainen.
0:40 of 1st period - Shot Blocked by Josh Mahura.
1:35 of 1st period - Icing by Timothy Liljegren.
1:36 of 1st period - Mikael Backlund wins face-off versus Trent Frederic in TAMPA BAY Lightning zone.
1:57 of 1st period - Tom Wilson is hit by Timothy Liljegren and loses puck.
2:45 of 1st period - Shot by Scott Laughton.
2:45 of 1st period - The goal is going for a video replay.
2:45 of 1st period - The goal is good.
2:45 of 1st period - Goal by Scott Laughton - CHICAGO Blackhawks : 0 - TAMPA BAY Lightning : 1.
2:46 of 1st period - Patrick Kane wins face-off versus Sammy Blais in neutral zone.
3:20 of 1st period - Shot by Taylor Raddysh.
3:20 of 1st period - Stopped by Calvin Petersen without a rebound.
3:21 of 1st period - Jonathan Toews wins face-off versus Scott Laughton in TAMPA BAY Lightning zone.
3:22 of 1st period - Shot by Matt Roy.
3:22 of 1st period - Shot Misses the Net.
3:32 of 1st period - Shot by Teuvo Teravainen.
3:32 of 1st period - Stopped by Calvin Petersen without a rebound.
3:33 of 1st period - Mikael Backlund wins face-off versus Trent Frederic in TAMPA BAY Lightning zone.
3:35 of 1st period - Icing by Anders Lee.
3:36 of 1st period - Mikael Backlund wins face-off versus Jonathan Toews in TAMPA BAY Lightning zone.
3:36 of 1st period - Mikael Backlund is hit by Marcus Foligno.
4:40 of 1st period - Shot by Patrick Kane.
4:40 of 1st period - Stopped by Calvin Petersen without a rebound.
4:41 of 1st period - Trent Frederic wins face-off versus Scott Laughton in TAMPA BAY Lightning zone.
5:04 of 1st period - Shot by Eric Robinson.
5:04 of 1st period - Shot Blocked by Chad Ruhwedel.
5:14 of 1st period - Shot by Eric Robinson.
5:14 of 1st period - Stopped by Calvin Petersen with a rebound.
5:48 of 1st period - Shot by Conor Sheary.
5:48 of 1st period - Stopped by Calvin Petersen without a rebound.
5:49 of 1st period - Jonathan Toews wins face-off versus Tyson Jost in TAMPA BAY Lightning zone.
5:49 of 1st period - Jonathan Toews is hit by Robert Hagg.
6:16 of 1st period - Icing by Aaron Ekblad.
6:17 of 1st period - Jonathan Toews wins face-off versus Mikael Backlund in CHICAGO Blackhawks zone.
6:42 of 1st period - Jonathan Toews is hit by Mikael Backlund and loses puck.
6:52 of 1st period - Aaron Ekblad is hit by Timothy Liljegren and loses puck.
7:34 of 1st period - Icing by Josh Mahura.
7:35 of 1st period - Tyson Jost wins face-off versus Tom Wilson in TAMPA BAY Lightning zone.
8:16 of 1st period - Icing by Jake Walman.
8:17 of 1st period - Scott Laughton wins face-off versus Trent Frederic in CHICAGO Blackhawks zone.
8:20 of 1st period - Shot by Brock McGinn.
8:20 of 1st period - Shot Blocked by Erik Johnson.
8:22 of 1st period - Shot by Timothy Liljegren.
8:22 of 1st period - Stopped by Frederik Andersen without a rebound.
8:23 of 1st period - Ryan Johansen wins face-off versus Scott Laughton in CHICAGO Blackhawks zone.
8:42 of 1st period - Shot by Scott Laughton.
8:42 of 1st period - Stopped by Frederik Andersen with a rebound.
8:44 of 1st period - Shot by Timothy Liljegren.
8:44 of 1st period - Stopped by Frederik Andersen with a rebound.
9:29 of 1st period - Icing by Nicolas Hague.
9:30 of 1st period - Sammy Blais wins face-off versus Jonathan Toews in CHICAGO Blackhawks zone.
9:40 of 1st period - Off-side.
9:41 of 1st period - Mikael Backlund wins face-off versus Trent Frederic in neutral zone.
9:46 of 1st period - Shot by Eeli Tolvanen.
9:46 of 1st period - Deflect By Mikael Backlund.
9:46 of 1st period - Shot Misses the Net.
10:00 of 1st period - Shot by Eric Robinson.
10:00 of 1st period - Deflect By Trent Frederic.
10:00 of 1st period - Shot Blocked by Chad Ruhwedel.
10:02 of 1st period - Shot by Erik Johnson.
10:02 of 1st period - Shot Blocked by Erik Gudbranson.
10:44 of 1st period - Shot by Nicolas Deslauriers.
10:44 of 1st period - Shot Blocked by Aaron Ekblad.
10:46 of 1st period - Shot by Ryan Reaves.
10:46 of 1st period - Shot Misses the Net.
10:48 of 1st period - Shot by Sammy Blais.
10:48 of 1st period - Goal by Sammy Blais - CHICAGO Blackhawks : 0 - TAMPA BAY Lightning : 2.
10:49 of 1st period - Scott Laughton wins face-off versus Conor Sheary in neutral zone.
11:53 of 1st period - Minor Penalty to Matt Roy for Holding.
11:54 of 1st period - Mikael Backlund wins face-off versus Trent Frederic in CHICAGO Blackhawks zone.
11:59 of 1st period - Shot by Mikael Backlund.
11:59 of 1st period - Shot Blocked by Erik Johnson.
12:01 of 1st period - Shot by Erik Gudbranson.
12:01 of 1st period - Shot Blocked by Erik Johnson.
12:03 of 1st period - Shot by Mikael Backlund.
12:03 of 1st period - Stopped by Frederik Andersen without a rebound.
12:04 of 1st period - Mikael Backlund wins face-off versus Patrick Kane in CHICAGO Blackhawks zone.
12:19 of 1st period - Shot by Anders Lee.
12:19 of 1st period - Stopped by Frederik Andersen without a rebound.
12:20 of 1st period - Tyson Jost wins face-off versus Patrick Kane in CHICAGO Blackhawks zone.
13:29 of 1st period - Shot by Mikael Backlund.
13:29 of 1st period - Shot Misses the Net.
13:31 of 1st period - Shot by Eeli Tolvanen.
13:31 of 1st period - Shot Misses the Net.
14:12 of 1st period - Shot by Tom Wilson.
14:12 of 1st period - Shot Misses the Net.
14:14 of 1st period - Shot by Eric Robinson.
14:14 of 1st period - Shot Misses the Net.
14:16 of 1st period - Shot by Nicolas Hague.
14:16 of 1st period - Stopped by Calvin Petersen with a rebound.
14:47 of 1st period - Icing by Josh Mahura.
14:48 of 1st period - Patrick Kane wins face-off versus Sammy Blais in TAMPA BAY Lightning zone.
15:58 of 1st period - Shot by Eeli Tolvanen.
15:58 of 1st period - Goal by Eeli Tolvanen - CHICAGO Blackhawks : 0 - TAMPA BAY Lightning : 3.
15:59 of 1st period - Scott Laughton wins face-off versus Trent Frederic in neutral zone.
16:02 of 1st period - Shot by Brock McGinn.
16:02 of 1st period - Stopped by Frederik Andersen without a rebound.
16:02 of 1st period - Minor Penalty to Jake Walman for Tripping.
16:03 of 1st period - Mikael Backlund wins face-off versus Patrick Kane in CHICAGO Blackhawks zone.
16:28 of 1st period - Shot by Erik Gudbranson.
16:28 of 1st period - Stopped by Frederik Andersen without a rebound.
16:29 of 1st period - Tyson Jost wins face-off versus Patrick Kane in CHICAGO Blackhawks zone.
16:30 of 1st period - Shot by Dylan DeMelo.
16:30 of 1st period - Stopped by Frederik Andersen without a rebound.
16:31 of 1st period - Tyson Jost wins face-off versus Patrick Kane in CHICAGO Blackhawks zone.
16:32 of 1st period - Shot by Dylan DeMelo.
16:32 of 1st period - Stopped by Frederik Andersen with a rebound.
16:34 of 1st period - Shot by Erik Gudbranson.
16:34 of 1st period - Shot Blocked by Matt Roy.
18:19 of 1st period - Icing by Tom Wilson.
18:20 of 1st period - Tyson Jost wins face-off versus Trent Frederic in CHICAGO Blackhawks zone.
18:38 of 1st period - Nick Ritchie is hit by Josh Manson and loses puck.
19:11 of 1st period - Minor Penalty to Timothy Liljegren for Tripping.
19:12 of 1st period - Mikael Backlund wins face-off versus Ryan Johansen in TAMPA BAY Lightning zone.
19:12 of 1st period - Brock McGinn is hit by Ryan Johansen and loses puck.
Goals for this period are 0 for CHICAGO Blackhawks vs 3 for TAMPA BAY Lightning.
Shots for this period are 7 for CHICAGO Blackhawks vs 12 for TAMPA BAY Lightning.

2nd period


0:01 of 2nd period - Ryan Johansen wins face-off versus Mikael Backlund in neutral zone.
0:04 of 2nd period - Erik Gudbranson is hit by Conor Sheary.
0:31 of 2nd period - Shot by Patrick Kane.
0:31 of 2nd period - Goal by Patrick Kane - CHICAGO Blackhawks : 1 - TAMPA BAY Lightning : 3.
0:32 of 2nd period - Tyson Jost wins face-off versus Jonathan Toews in neutral zone.
0:42 of 2nd period - Shot by Tyson Jost.
0:42 of 2nd period - Shot Blocked by Jake Walman.
1:45 of 2nd period - Icing by Chad Ruhwedel.
1:46 of 2nd period - Mikael Backlund wins face-off versus Trent Frederic in TAMPA BAY Lightning zone.
1:46 of 2nd period - Mikael Backlund is hit by Trent Frederic.
1:56 of 2nd period - Shot by Mikael Backlund.
1:56 of 2nd period - Shot Misses the Net.
2:22 of 2nd period - Erik Gudbranson is hit by Trent Frederic and loses puck.
2:53 of 2nd period - Conor Sheary is hit by Brock McGinn and loses puck.
3:24 of 2nd period - Shot by Scott Laughton.
3:24 of 2nd period - Deflect By Mason Marchment.
3:24 of 2nd period - Stopped by Frederik Andersen without a rebound.
3:25 of 2nd period - Tyson Jost wins face-off versus Teuvo Teravainen in CHICAGO Blackhawks zone.
3:44 of 2nd period - Shot by Jake Walman.
3:44 of 2nd period - Shot Blocked by Josh Mahura.
3:56 of 2nd period - Shot by Jonathan Toews.
3:56 of 2nd period - Stopped by Calvin Petersen without a rebound.
3:57 of 2nd period - Trent Frederic wins face-off versus Sammy Blais in TAMPA BAY Lightning zone.
5:06 of 2nd period - Icing by Scott Laughton.
5:07 of 2nd period - Jonathan Toews wins face-off versus Scott Laughton in TAMPA BAY Lightning zone.
5:07 of 2nd period - Erik Johnson is hit by Erik Gudbranson and loses puck.
5:39 of 2nd period - Mason Marchment is hit by Erik Johnson.
5:42 of 2nd period - Icing by Erik Johnson.
5:43 of 2nd period - Marcus Foligno wins face-off versus Anders Lee in CHICAGO Blackhawks zone.
6:31 of 2nd period - Icing by Josh Mahura.
6:32 of 2nd period - Trent Frederic wins face-off versus Mikael Backlund in TAMPA BAY Lightning zone.
7:23 of 2nd period - Shot by Dylan DeMelo.
7:23 of 2nd period - Stopped by Frederik Andersen with a rebound.
7:32 of 2nd period - Minor Penalty to Mason Marchment for Tripping.
7:33 of 2nd period - Ryan Johansen wins face-off versus Mikael Backlund in TAMPA BAY Lightning zone.
7:38 of 2nd period - Shot by Matt Roy.
7:38 of 2nd period - Stopped by Calvin Petersen without a rebound.
7:39 of 2nd period - Mikael Backlund wins face-off versus Ryan Johansen in TAMPA BAY Lightning zone.
8:01 of 2nd period - Icing by Aaron Ekblad.
8:02 of 2nd period - Ryan Johansen wins face-off versus Christian Fischer in CHICAGO Blackhawks zone.
9:18 of 2nd period - Shot by Marcus Foligno.
9:18 of 2nd period - Deflect By Jonathan Toews.
9:18 of 2nd period - Shot Blocked by Chad Ruhwedel.
9:38 of 2nd period - Shot by Tom Wilson.
9:38 of 2nd period - Shot Misses the Net.
9:42 of 2nd period - Shot by Trent Frederic.
9:42 of 2nd period - Shot Hit the Post.
9:44 of 2nd period - Shot by Eric Robinson.
9:44 of 2nd period - Shot Misses the Net.
9:46 of 2nd period - Shot by Josh Manson.
9:46 of 2nd period - Stopped by Calvin Petersen without a rebound.
9:47 of 2nd period - Patrick Kane wins face-off versus Scott Laughton in TAMPA BAY Lightning zone.
9:55 of 2nd period - Tyler Motte is hit by Robert Hagg and loses puck.
10:04 of 2nd period - Shot by Taylor Raddysh.
10:04 of 2nd period - Shot Misses the Net.
10:06 of 2nd period - Shot by Tyler Motte.
10:06 of 2nd period - Stopped by Calvin Petersen without a rebound.
10:07 of 2nd period - Sammy Blais wins face-off versus Trent Frederic in TAMPA BAY Lightning zone.
10:59 of 2nd period - Icing by Matt Roy.
11:00 of 2nd period - Mikael Backlund wins face-off versus Trent Frederic in CHICAGO Blackhawks zone.
11:07 of 2nd period - Shot by Mikael Backlund.
11:07 of 2nd period - Stopped by Frederik Andersen without a rebound.
11:08 of 2nd period - Ryan Johansen wins face-off versus Mikael Backlund in CHICAGO Blackhawks zone.
11:44 of 2nd period - Shot by Patrick Kane.
11:44 of 2nd period - Stopped by Calvin Petersen without a rebound.
11:45 of 2nd period - Jonathan Toews wins face-off versus Scott Laughton in TAMPA BAY Lightning zone.
11:58 of 2nd period - Shot by Brock McGinn.
11:58 of 2nd period - Stopped by Frederik Andersen with a rebound.
12:00 of 2nd period - Shot by Mason Marchment.
12:00 of 2nd period - Deflect By Scott Laughton.
12:00 of 2nd period - Shot Misses the Net.
12:56 of 2nd period - Minor Penalty to Ryan Johansen for Holding.
12:57 of 2nd period - Mikael Backlund wins face-off versus Patrick Kane in CHICAGO Blackhawks zone.
14:47 of 2nd period - Icing by Scott Laughton.
14:48 of 2nd period - Patrick Kane wins face-off versus Tyson Jost in TAMPA BAY Lightning zone.
15:14 of 2nd period - Shot by Mikael Backlund.
15:14 of 2nd period - Deflect By Eeli Tolvanen.
15:14 of 2nd period - Stopped by Frederik Andersen without a rebound.
15:15 of 2nd period - Sammy Blais wins face-off versus Jonathan Toews in CHICAGO Blackhawks zone.
15:24 of 2nd period - Shot by Ryan Reaves.
15:24 of 2nd period - Shot Blocked by Erik Johnson.
15:26 of 2nd period - Shot by Ryan Reaves.
15:26 of 2nd period - Shot Misses the Net.
15:40 of 2nd period - Shot by Sammy Blais.
15:40 of 2nd period - Stopped by Frederik Andersen without a rebound.
15:41 of 2nd period - Mikael Backlund wins face-off versus Ryan Johansen in CHICAGO Blackhawks zone.
16:04 of 2nd period - Shot by Anders Lee.
16:04 of 2nd period - Shot Misses the Net.
16:58 of 2nd period - Shot by Nicolas Hague.
16:58 of 2nd period - Shot Misses the Net.
17:00 of 2nd period - Shot by Tom Wilson.
17:00 of 2nd period - Deflect By Trent Frederic.
17:00 of 2nd period - Shot Misses the Net.
17:02 of 2nd period - Shot by Nicolas Hague.
17:02 of 2nd period - Shot Blocked by Chad Ruhwedel.
17:04 of 2nd period - Shot by Trent Frederic.
17:04 of 2nd period - Shot Blocked by Christian Fischer.
17:08 of 2nd period - Shot by Trent Frederic.
17:08 of 2nd period - Shot Misses the Net.
17:10 of 2nd period - Shot by Tom Wilson.
17:10 of 2nd period - Shot Misses the Net.
17:12 of 2nd period - Shot by Josh Manson.
17:12 of 2nd period - Deflect By Trent Frederic.
17:12 of 2nd period - Shot Misses the Net.
17:26 of 2nd period - Shot by Nick Ritchie.
17:26 of 2nd period - Shot Misses the Net.
17:28 of 2nd period - Shot by Chad Ruhwedel.
17:28 of 2nd period - Shot Misses the Net.
17:37 of 2nd period - Icing by Erik Johnson.
17:38 of 2nd period - Jonathan Toews wins face-off versus Scott Laughton in CHICAGO Blackhawks zone.
17:38 of 2nd period - Jonathan Toews is hit by Scott Laughton.
18:00 of 2nd period - Shot by Brock McGinn.
18:00 of 2nd period - Shot Misses the Net.
18:02 of 2nd period - Shot by Josh Mahura.
18:02 of 2nd period - Stopped by Frederik Andersen without a rebound.
18:03 of 2nd period - Sammy Blais wins face-off versus Ryan Johansen in CHICAGO Blackhawks zone.
18:16 of 2nd period - Shot by Nicolas Deslauriers.
18:16 of 2nd period - Goal by Nicolas Deslauriers - CHICAGO Blackhawks : 1 - TAMPA BAY Lightning : 4.
18:17 of 2nd period - Trent Frederic wins face-off versus Scott Laughton in neutral zone.
18:34 of 2nd period - Shot by Trent Frederic.
18:34 of 2nd period - Deflect By Eric Robinson.
18:34 of 2nd period - Shot Blocked by Josh Mahura.
18:44 of 2nd period - Shot by Mason Marchment.
18:44 of 2nd period - Shot Blocked by Matt Roy.
18:46 of 2nd period - Shot by Brock McGinn.
18:46 of 2nd period - Shot Misses the Net.
18:59 of 2nd period - Minor Penalty to Brock McGinn for Tripping.
18:59 of 2nd period - Minor Penalty to Trent Frederic for Interference.
19:00 of 2nd period - Mikael Backlund wins face-off versus Patrick Kane in neutral zone.
19:03 of 2nd period - Jake Walman is hit by Eeli Tolvanen.
19:13 of 2nd period - Shot by Mikael Backlund.
19:13 of 2nd period - Shot Misses the Net.
19:15 of 2nd period - Shot by Mikael Backlund.
19:15 of 2nd period - Shot Misses the Net.
19:45 of 2nd period - Shot by Mikael Backlund.
19:45 of 2nd period - Shot Misses the Net.
Goals for this period are 1 for CHICAGO Blackhawks vs 1 for TAMPA BAY Lightning.
Shots for this period are 6 for CHICAGO Blackhawks vs 8 for TAMPA BAY Lightning.

3rd period


0:01 of 3rd period - Mikael Backlund wins face-off versus Patrick Kane in neutral zone.
0:18 of 3rd period - Shot by Eeli Tolvanen.
0:18 of 3rd period - Deflect By Mikael Backlund.
0:18 of 3rd period - Goal by Mikael Backlund - CHICAGO Blackhawks : 1 - TAMPA BAY Lightning : 5.
0:18 of 3rd period - James Reimer enters game.
0:19 of 3rd period - Mikael Backlund wins face-off versus Conor Sheary in neutral zone.
1:13 of 3rd period - Off-side.
1:14 of 3rd period - Nick Ritchie wins face-off versus Trent Frederic in neutral zone.
1:49 of 3rd period - Nick Ritchie is hit by Josh Manson and loses puck.
2:27 of 3rd period - Icing by Timothy Liljegren.
2:28 of 3rd period - Scott Laughton wins face-off versus Ryan Johansen in TAMPA BAY Lightning zone.
2:30 of 3rd period - Minor Penalty to Ryan Johansen for Interference.
2:31 of 3rd period - Mikael Backlund wins face-off versus Patrick Kane in CHICAGO Blackhawks zone.
2:36 of 3rd period - Shot by Dylan DeMelo.
2:36 of 3rd period - Shot Blocked by Aaron Ekblad.
2:38 of 3rd period - Shot by Erik Gudbranson.
2:38 of 3rd period - Shot Blocked by Matt Roy.
2:40 of 3rd period - Shot by Erik Gudbranson.
2:40 of 3rd period - Stopped by James Reimer without a rebound.
2:41 of 3rd period - Mikael Backlund wins face-off versus Patrick Kane in CHICAGO Blackhawks zone.
2:41 of 3rd period - Mikael Backlund is hit by Matt Roy.
2:57 of 3rd period - Shot by Eeli Tolvanen.
2:57 of 3rd period - Stopped by James Reimer without a rebound.
2:58 of 3rd period - Patrick Kane wins face-off versus Tyson Jost in CHICAGO Blackhawks zone.
3:40 of 3rd period - Shot by Scott Laughton.
3:40 of 3rd period - Stopped by James Reimer without a rebound.
3:41 of 3rd period - Mikael Backlund wins face-off versus Teuvo Teravainen in CHICAGO Blackhawks zone.
3:54 of 3rd period - Shot by Erik Gudbranson.
3:54 of 3rd period - Shot Misses the Net.
3:56 of 3rd period - Shot by Dylan DeMelo.
3:56 of 3rd period - Shot Misses the Net.
3:58 of 3rd period - Shot by Dylan DeMelo.
3:58 of 3rd period - Goal by Dylan DeMelo - CHICAGO Blackhawks : 1 - TAMPA BAY Lightning : 6.
3:59 of 3rd period - Sammy Blais wins face-off versus Jonathan Toews in neutral zone.
4:13 of 3rd period - Ryan Reaves is hit by Nicolas Hague and loses puck.
4:34 of 3rd period - Shot by Jonathan Toews.
4:34 of 3rd period - Shot Misses the Net.
4:36 of 3rd period - Shot by Josh Manson.
4:36 of 3rd period - Shot Blocked by Chad Ruhwedel.
5:00 of 3rd period - Shot by Conor Sheary.
5:00 of 3rd period - Stopped by Calvin Petersen with a rebound.
5:19 of 3rd period - Aaron Ekblad is hit by Mikael Backlund and loses puck.
5:50 of 3rd period - Shot by Eeli Tolvanen.
5:50 of 3rd period - Stopped by James Reimer without a rebound.
5:51 of 3rd period - Scott Laughton wins face-off versus Tom Wilson in CHICAGO Blackhawks zone.
5:58 of 3rd period - Shot by Scott Laughton.
5:58 of 3rd period - Stopped by James Reimer without a rebound.
5:59 of 3rd period - Jonathan Toews wins face-off versus Mason Marchment in CHICAGO Blackhawks zone.
6:15 of 3rd period - Icing by Jonathan Toews.
6:16 of 3rd period - Jonathan Toews wins face-off versus Tyson Jost in CHICAGO Blackhawks zone.
6:30 of 3rd period - Icing by Christian Fischer.
6:31 of 3rd period - Tyson Jost wins face-off versus Trent Frederic in TAMPA BAY Lightning zone.
6:31 of 3rd period - Tyson Jost is hit by Tom Wilson.
6:37 of 3rd period - Minor Penalty to Nick Ritchie for Tripping.
6:38 of 3rd period - Mikael Backlund wins face-off versus Ryan Johansen in TAMPA BAY Lightning zone.
7:08 of 3rd period - Icing by Aaron Ekblad.
7:09 of 3rd period - Mikael Backlund wins face-off versus Ryan Johansen in CHICAGO Blackhawks zone.
8:11 of 3rd period - Shot by Erik Johnson.
8:11 of 3rd period - Stopped by Calvin Petersen without a rebound.
8:12 of 3rd period - Ryan Johansen wins face-off versus Mikael Backlund in TAMPA BAY Lightning zone.
8:12 of 3rd period - Ryan Johansen is hit by Timothy Liljegren.
8:20 of 3rd period - Shot by Ryan Johansen.
8:20 of 3rd period - Shot Misses the Net.
8:22 of 3rd period - Shot by Matt Roy.
8:22 of 3rd period - Shot Blocked by Chad Ruhwedel.
9:16 of 3rd period - Minor Penalty to Tom Wilson for Tripping.
9:17 of 3rd period - Patrick Kane wins face-off versus Tyson Jost in CHICAGO Blackhawks zone.
9:26 of 3rd period - Shot by Scott Laughton.
9:26 of 3rd period - Stopped by James Reimer without a rebound.
9:27 of 3rd period - Patrick Kane wins face-off versus Mikael Backlund in CHICAGO Blackhawks zone.
9:27 of 3rd period - Patrick Kane is hit by Anders Lee.
10:09 of 3rd period - Shot by Dylan DeMelo.
10:09 of 3rd period - Shot Misses the Net.
11:25 of 3rd period - Eric Robinson is hit by Chad Ruhwedel and loses puck.
11:30 of 3rd period - Shot by Tom Wilson.
11:30 of 3rd period - Shot Blocked by Chad Ruhwedel.
11:32 of 3rd period - Shot by Josh Manson.
11:32 of 3rd period - Shot Misses the Net.
12:38 of 3rd period - Off-side.
12:39 of 3rd period - Mikael Backlund wins face-off versus Patrick Kane in neutral zone.
13:04 of 3rd period - Shot by Anders Lee.
13:04 of 3rd period - Shot Misses the Net.
13:17 of 3rd period - Anders Lee is hit by Matt Roy and loses puck.
13:39 of 3rd period - Off-side.
13:40 of 3rd period - Sammy Blais wins face-off versus Marcus Foligno in neutral zone.
14:27 of 3rd period - Icing by Jake Walman.
14:28 of 3rd period - Mikael Backlund wins face-off versus Jonathan Toews in CHICAGO Blackhawks zone.
14:59 of 3rd period - Shot by Mikael Backlund.
14:59 of 3rd period - Shot Blocked by Marcus Foligno.
15:01 of 3rd period - Shot by Mikael Backlund.
15:01 of 3rd period - Stopped by James Reimer without a rebound.
15:02 of 3rd period - Ryan Johansen wins face-off versus Scott Laughton in CHICAGO Blackhawks zone.
15:02 of 3rd period - Ryan Johansen is hit by Scott Laughton.
15:54 of 3rd period - Icing by Scott Laughton.
15:55 of 3rd period - Trent Frederic wins face-off versus Brock McGinn in TAMPA BAY Lightning zone.
15:56 of 3rd period - Shot by Tom Wilson.
15:56 of 3rd period - Shot Misses the Net.
16:36 of 3rd period - Shot by Eric Robinson.
16:36 of 3rd period - Shot Blocked by Dylan DeMelo.
16:38 of 3rd period - Shot by Eric Robinson.
16:38 of 3rd period - Shot Blocked by Mikael Backlund.
17:20 of 3rd period - Shot by Taylor Raddysh.
17:20 of 3rd period - Stopped by Calvin Petersen without a rebound.
17:21 of 3rd period - Tyson Jost wins face-off versus Jonathan Toews in TAMPA BAY Lightning zone.
17:21 of 3rd period - Tyson Jost is hit by Marcus Foligno.
17:47 of 3rd period - Shot by Nick Ritchie.
17:47 of 3rd period - Shot Misses the Net.
17:49 of 3rd period - Shot by Christian Fischer.
17:49 of 3rd period - Stopped by James Reimer without a rebound.
17:50 of 3rd period - Sammy Blais wins face-off versus Trent Frederic in CHICAGO Blackhawks zone.
17:50 of 3rd period - Sammy Blais is hit by Nicolas Hague.
17:52 of 3rd period - Shot by Chad Ruhwedel.
17:52 of 3rd period - Shot Blocked by Josh Manson.
18:25 of 3rd period - Nicolas Deslauriers is hit by Nicolas Hague and loses puck.
19:12 of 3rd period - Shot by Ryan Johansen.
19:12 of 3rd period - Stopped by Calvin Petersen without a rebound.
19:13 of 3rd period - Jonathan Toews wins face-off versus Mikael Backlund in TAMPA BAY Lightning zone.
19:13 of 3rd period - Erik Johnson is hit by Timothy Liljegren and loses puck.
19:20 of 3rd period - Shot by Jake Walman.
19:20 of 3rd period - Shot Blocked by Timothy Liljegren.
19:45 of 3rd period - Marcus Foligno is hit by Timothy Liljegren and loses puck.
19:51 of 3rd period - Marcus Foligno is hit by Timothy Liljegren.
Goals for this period are 0 for CHICAGO Blackhawks vs 2 for TAMPA BAY Lightning.
Shots for this period are 4 for CHICAGO Blackhawks vs 10 for TAMPA BAY Lightning. Output by the SimonT Hockey Simulator (STHS) for Martin Benoit - Original Page W3C HTML5 Valid
Hockey Simulator - Hockey Simulation - Hockey Manager